[ AOE2 MATCH · #513587607 ]
UnrankedPersians vs Khmer
Player's team · LOSS
Rival team · WIN
[ REPLAY ANALYSIS · EXTRACTED FROM THE RECORDED GAME ]
Feudal
8:49
Castle
21:12
Imperial
34:12
| APM avg | 56.8 |
| APM peak | 178 |
| eAPM avg | 33.3 |
| Villagers / military | 131 / 127 |
Focus
⚔️ 54.9% · 🌾 45.1%
Camel Scout ×38 · War Elephant ×29 · Skirmisher ×17 · Scout Cavalry ×16 · Spearman ×15 · Monk ×9
Feudal
10:37
Castle
15:14
Imperial
32:46
| APM avg | 28.7 |
| APM peak | 53 |
| eAPM avg | 18.4 |
| Villagers / military | 175 / 87 |
Focus
⚔️ 32.1% · 🌾 67.9%
Spearman ×44 · Ballista Elephant ×22 · Trebuchet (Packed) ×9 · Knight ×6 · Scorpion ×5 · Battle Elephant ×1
Match map
Initial resources + every placement click. Lines = walls · curves = elevation contours. ◆ gold · ⬟ stone · ● berries · ✦ relic · ◌ wall gap
Your base· Open — 4t gap
kinghandles's base· Open — unwalled flank
Smoothed initial terrain · ◌ = detected wall gap · hover for details
Inputs per minute
— Drysoup - - kinghandles
Build order — Drysoup
First 150 of 389 actions detected
| 0:01 | Queue | Villager (Male) |
| 0:01 | Queue | Villager (Male) |
| 0:02 | Queue | Villager (Male) |
| 0:03 | Build | House |
| 0:05 | Build | House |
| 0:21 | Queue | Villager (Male) |
| 0:21 | Queue | Villager (Male) |
| 1:25 | Queue | Villager (Male) |
| 1:50 | Build | Lumber Camp |
| 2:01 | Queue | Villager (Male) |
| 2:01 | Queue | Villager (Male) |
| 2:16 | Queue | Villager (Male) |
| 2:50 | Queue | Villager (Male) |
| 2:51 | Queue | Villager (Male) |
| 3:19 | Queue | Villager (Male) |
| 3:48 | Build | House |
| 3:51 | Build | Mill |
| 3:57 | Queue | Villager (Male) |
| 4:07 | Queue | Villager (Male) |
| 4:07 | Queue | Villager (Male) |
| 4:36 | Queue | Villager (Male) |
| 4:36 | Queue | Villager (Male) |
| 4:36 | Queue | Villager (Male) |
| 4:55 | Queue | Villager (Male) |
| 4:55 | Queue | Villager (Male) |
| 4:55 | Queue | Villager (Male) |
| 5:08 | Queue | Villager (Male) |
| 5:30 | Research | Loom |
| 6:45 | Research | Feudal Age |
| 6:55 | Build | Barracks |
| 7:04 | Queue | Villager (Male) |
| 7:08 | Build | House |
| 7:36 | Build | House |
| 8:49 | Age | Feudal Age |
| 8:53 | Build | Stable |
| 8:59 | Research | Double-Bit Axe |
| 9:07 | Build | House |
| 9:10 | Build | Palisade Wall |
| 9:16 | Build | Palisade Wall |
| 9:18 | Build | Palisade Wall |
| 9:20 | Build | Farm |
| 9:26 | Queue | Villager (Male) |
| 9:34 | Build | House |
| 9:40 | Queue | Scout Cavalry ×4 |
| 9:40 | Queue | Scout Cavalry ×4 |
| 9:44 | Queue | Villager (Male) |
| 9:56 | Build | Farm |
| 10:05 | Build | Farm |
| 10:08 | Queue | Villager (Male) |
| 10:11 | Build | Palisade Wall |
| 10:17 | Build | Palisade Wall |
| 10:19 | Queue | Villager (Male) |
| 10:26 | Build | Palisade Gate |
| 10:37 | Build | Palisade Wall |
| 10:38 | Build | Palisade Wall |
| 10:46 | Build | Farm |
| 10:51 | Queue | Villager (Male) |
| 11:16 | Queue | Villager (Male) |
| 11:24 | Queue | Villager (Male) |
| 11:24 | Queue | Villager (Male) |
| 11:26 | Build | Farm |
| 11:40 | Build | Farm |
| 11:47 | Build | Farm |
| 11:54 | Queue | Villager (Male) |
| 11:54 | Queue | Villager (Male) |
| 12:03 | Build | Farm |
| 12:06 | Queue | Villager (Male) |
| 12:15 | Queue | Villager (Male) |
| 12:17 | Build | Farm |
| 12:24 | Build | Mining Camp |
| 12:37 | Queue | Villager (Male) |
| 12:48 | Queue | Scout Cavalry |
| 12:48 | Queue | Scout Cavalry |
| 12:52 | Build | Farm |
| 13:07 | Build | Farm |
| 13:15 | Queue | Villager (Male) |
| 13:16 | Queue | Villager (Male) |
| 13:22 | Build | Farm |
| 13:34 | Build | Watch Tower |
| 13:38 | Queue | Scout Cavalry |
| 13:38 | Queue | Scout Cavalry |
| 13:38 | Queue | Scout Cavalry |
| 13:47 | Queue | Villager (Male) |
| 13:51 | Build | Farm |
| 13:59 | Build | Palisade Wall |
| 14:04 | Queue | Villager (Male) |
| 14:11 | Build | Palisade Wall |
| 14:11 | Build | Palisade Wall |
| 14:12 | Build | Palisade Wall |
| 14:13 | Queue | Villager (Male) |
| 14:18 | Build | House |
| 14:18 | Build | House |
| 14:26 | Queue | Scout Cavalry |
| 14:26 | Queue | Villager (Male) |
| 14:34 | Build | Farm |
| 14:48 | Queue | Scout Cavalry |
| 14:48 | Queue | Scout Cavalry |
| 14:54 | Queue | Villager (Male) |
| 14:56 | Build | Farm |
| 15:09 | Queue | Villager (Male) |
| 15:21 | Queue | Villager (Male) |
| 15:23 | Build | Farm |
| 15:26 | Build | Farm |
| 15:36 | Queue | Villager (Male) |
| 15:47 | Queue | Villager (Male) |
| 15:53 | Build | Mining Camp |
| 15:57 | Build | House |
| 16:19 | Build | Watch Tower |
| 16:23 | Queue | Villager (Male) |
| 16:26 | Build | House |
| 16:42 | Build | Watch Tower |
| 16:50 | Queue | Villager (Male) |
| 16:59 | Build | Palisade Wall |
| 17:07 | Queue | Villager (Male) |
| 17:22 | Build | Palisade Wall |
| 17:24 | Build | Palisade Wall |
| 17:27 | Queue | Spearman |
| 17:27 | Queue | Spearman |
| 17:27 | Queue | Spearman |
| 17:27 | Queue | Spearman |
| 17:27 | Queue | Spearman |
| 17:28 | Queue | Militia |
| 17:42 | Build | Blacksmith |
| 17:53 | Build | Farm |
| 17:59 | Queue | Villager (Male) |
| 18:47 | Research | Castle Age |
| 18:55 | Build | Palisade Wall |
| 19:01 | Research | Scale Mail Armor |
| 19:10 | Queue | Spearman |
| 19:10 | Queue | Spearman |
| 19:25 | Build | Market |
| 19:26 | Build | House |
| 19:36 | Queue | Villager (Male) |
| 19:40 | Build | House |
| 19:40 | Build | House |
| 19:46 | Queue | Villager (Male) |
| 20:03 | Build | Gate |
| 20:06 | Build | House |
| 20:12 | Build | House |
| 20:19 | Queue | Spearman |
| 20:19 | Queue | Spearman |
| 20:27 | Queue | Villager (Male) |
| 20:29 | Research | Horse Collar |
| 20:35 | Research | Forging |
| 20:47 | Queue | Spearman |
| 20:55 | Queue | Villager (Male) |
| 21:01 | Build | House |
| 21:02 | Build | House |
| 21:07 | Queue | Spearman |
| 21:12 | Age | Castle Age |
Build order — kinghandles
First 150 of 420 actions detected
| 0:00 | Queue | Villager (Male) |
| 0:00 | Queue | Villager (Male) |
| 0:01 | Queue | Villager (Male) |
| 0:02 | Build | House |
| 0:04 | Build | House |
| 0:07 | Queue | Villager (Male) |
| 0:08 | Queue | Villager (Male) |
| 1:32 | Queue | Villager (Male) |
| 1:32 | Queue | Villager (Male) |
| 1:57 | Queue | Villager (Male) |
| 1:57 | Queue | Villager (Male) |
| 2:13 | Queue | Villager (Male) |
| 2:52 | Queue | Villager (Male) |
| 2:52 | Queue | Villager (Male) |
| 3:25 | Build | Mill |
| 3:46 | Build | House |
| 3:50 | Queue | Villager (Male) |
| 3:50 | Queue | Villager (Male) |
| 4:30 | Queue | Villager (Male) |
| 4:53 | Queue | Villager (Male) |
| 5:19 | Queue | Villager (Male) |
| 5:52 | Build | Mining Camp |
| 5:53 | Queue | Villager (Male) |
| 6:10 | Queue | Villager (Male) |
| 6:23 | Build | House |
| 6:32 | Queue | Villager (Male) |
| 6:50 | Queue | Villager (Male) |
| 7:26 | Build | Lumber Camp |
| 7:32 | Queue | Villager (Male) |
| 7:35 | Research | Loom |
| 8:07 | Research | Feudal Age |
| 8:57 | Queue | Villager (Male) |
| 9:09 | Build | Palisade Wall |
| 9:22 | Build | House |
| 10:14 | Build | Palisade Wall |
| 10:19 | Build | Palisade Wall |
| 10:32 | Build | Palisade Wall |
| 10:33 | Build | Palisade Wall |
| 10:37 | Age | Feudal Age |
| 10:46 | Queue | Villager (Male) |
| 11:17 | Queue | Villager (Male) |
| 11:33 | Queue | Villager (Male) |
| 12:00 | Build | Palisade Wall |
| 12:07 | Build | Stable |
| 12:09 | Queue | Villager (Male) |
| 12:29 | Research | Castle Age |
| 12:32 | Build | Farm |
| 12:33 | Build | Farm |
| 12:36 | Queue | Villager (Male) |
| 12:46 | Build | House |
| 12:52 | Build | Farm |
| 12:54 | Build | Farm |
| 13:12 | Build | Farm |
| 13:19 | Build | Farm |
| 13:46 | Build | Farm |
| 14:03 | Build | Farm |
| 14:12 | Build | Farm |
| 14:28 | Research | Double-Bit Axe |
| 15:14 | Age | Castle Age |
| 15:30 | Queue | Knight |
| 15:30 | Queue | Knight |
| 15:33 | Queue | Battle Elephant |
| 15:35 | Queue | Villager (Male) |
| 15:39 | Build | Lumber Camp |
| 15:57 | Build | Farm |
| 15:59 | Queue | Knight |
| 16:05 | Build | House |
| 16:07 | Queue | Villager (Male) |
| 16:08 | Queue | Villager (Male) |
| 16:08 | Queue | Villager (Male) |
| 16:09 | Queue | Villager (Male) |
| 16:18 | Research | Town Watch |
| 16:19 | Queue | Villager (Male) |
| 16:55 | Build | Farm |
| 17:06 | Queue | Villager (Male) |
| 17:09 | Build | Blacksmith |
| 17:26 | Queue | Knight |
| 17:26 | Queue | Knight |
| 17:43 | Queue | Villager (Male) |
| 17:48 | Build | House |
| 18:03 | Build | House |
| 18:13 | Queue | Villager (Male) |
| 18:15 | Research | Bow Saw |
| 18:16 | Research | Horse Collar |
| 18:17 | Queue | Villager (Male) |
| 18:34 | Queue | Knight |
| 18:41 | Queue | Villager (Male) |
| 19:03 | Build | House |
| 19:22 | Queue | Villager (Male) |
| 19:33 | Build | House |
| 20:01 | Queue | Villager (Male) |
| 20:04 | Build | House |
| 20:13 | Queue | Villager (Male) |
| 20:25 | Build | Town Center |
| 20:31 | Build | Town Center |
| 20:35 | Research | Wheelbarrow |
| 20:53 | Queue | Villager (Male) |
| 21:02 | Build | Farm |
| 21:04 | Build | Farm |
| 21:19 | Build | Siege Workshop |
| 21:22 | Queue | Villager (Male) |
| 21:43 | Build | Mining Camp |
| 21:44 | Queue | Villager (Male) |
| 22:10 | Queue | Scorpion |
| 22:11 | Queue | Scorpion |
| 22:15 | Build | House |
| 22:17 | Queue | Villager (Male) |
| 22:18 | Queue | Villager (Male) |
| 22:19 | Queue | Villager (Male) |
| 22:19 | Queue | Villager (Male) |
| 22:26 | Build | Farm |
| 22:28 | Queue | Villager (Male) |
| 22:51 | Queue | Villager (Male) |
| 22:55 | Build | Farm |
| 23:06 | Build | Farm |
| 23:06 | Build | Farm |
| 23:07 | Queue | Villager (Male) |
| 23:14 | Build | Farm |
| 23:17 | Queue | Villager (Male) |
| 23:23 | Queue | Scorpion |
| 23:26 | Queue | Villager (Male) |
| 23:35 | Build | Farm |
| 23:39 | Build | Farm |
| 23:41 | Queue | Villager (Male) |
| 23:45 | Build | Farm |
| 23:53 | Research | Fletching |
| 24:05 | Build | Farm |
| 24:06 | Build | Farm |
| 24:07 | Queue | Villager (Male) |
| 24:13 | Queue | Villager (Male) |
| 24:13 | Queue | Villager (Male) |
| 24:13 | Queue | Villager (Male) |
| 24:19 | Queue | Scorpion |
| 24:20 | Queue | Villager (Male) |
| 24:24 | Build | Farm |
| 24:26 | Queue | Villager (Male) |
| 24:31 | Queue | Villager (Male) |
| 24:35 | Queue | Villager (Male) |
| 24:39 | Build | Farm |
| 24:45 | Build | Farm |
| 24:46 | Queue | Villager (Male) |
| 24:50 | Queue | Scorpion |
| 24:51 | Queue | Villager (Male) |
| 24:59 | Build | House |
| 25:00 | Build | House |
| 25:04 | Build | House |
| 25:07 | Queue | Villager (Male) |
| 25:19 | Queue | Villager (Male) |
| 25:24 | Build | Monastery |
| 25:31 | Build | House |
Match timeline
| 6:55 | Drysoup · first_building Barracks |
| 8:49 | Drysoup · age_up feudal |
| 8:53 | Drysoup · first_building Stable |
| 9:09 | kinghandles · wall_segment Palisade Wall x1 |
| 9:10 | Drysoup · wall_segment Palisade Wall x5 |
| 9:16 | Drysoup · wall_segment Palisade Wall x3 |
| 9:18 | Drysoup · wall_segment Palisade Wall x5 |
| 10:11 | Drysoup · wall_segment Palisade Wall x4 |
| 10:14 | kinghandles · wall_segment Palisade Wall x1 |
| 10:17 | Drysoup · wall_segment Palisade Wall x3 |
| 10:19 | kinghandles · wall_segment Palisade Wall x6 |
| 10:32 | kinghandles · wall_segment Palisade Wall x4 |
| 10:33 | kinghandles · wall_segment Palisade Wall x1 |
| 10:37 | kinghandles · age_up feudal |
| 10:37 | Drysoup · wall_segment Palisade Wall x8 |
| 10:38 | Drysoup · wall_segment Palisade Wall x1 |
| 12:00 | kinghandles · wall_segment Palisade Wall x1 |
| 12:07 | kinghandles · first_building Stable |
| 13:59 | Drysoup · wall_segment Palisade Wall x12 |
| 14:11 | Drysoup · wall_segment Palisade Wall x1 |
| 14:11 | Drysoup · wall_segment Palisade Wall x1 |
| 14:12 | Drysoup · wall_segment Palisade Wall x1 |
| 15:14 | kinghandles · age_up castle |
| 16:59 | Drysoup · wall_segment Palisade Wall x4 |
| 17:22 | Drysoup · wall_segment Palisade Wall x1 |
| 17:24 | Drysoup · wall_segment Palisade Wall x1 |
| 18:55 | Drysoup · wall_segment Palisade Wall x1 |
| 21:12 | Drysoup · age_up castle |
| 21:19 | kinghandles · first_building Siege Workshop |
| 22:49 | Drysoup · first_building Monastery |
| 25:24 | kinghandles · first_building Monastery |
| 27:29 | kinghandles · first_building Castle |
| 27:59 | Drysoup · first_building Castle |
| 30:41 | kinghandles · wall_segment Palisade Wall x1 |
| 31:15 | Drysoup · first_market_sell 100 wood |
| 31:17 | Drysoup · first_market_buy 100 food |
| 32:46 | kinghandles · age_up imperial |
| 33:25 | kinghandles · first_building Barracks |
| 33:44 | kinghandles · first_market_sell 500 food |
| 34:12 | Drysoup · age_up imperial |
| 39:24 | Drysoup · first_building Archery Range |
| 40:52 | kinghandles · first_market_buy 100 stone |
| 41:45 | Drysoup · resign |
[ AI ANALYSIS · 1 CREDIT ]
What really happened in this match?
Wolo.gg analyzes every decision: build order, eco, micro, common mistakes by bracket. Personalized analysis on WhatsApp or Discord in 30 seconds.
Civ guide
Persians
Perfil
Drysoup